 Dungeon Crawl Stone Soup version 0.28-a0-664-gc179e30c89 (webtiles) character file.

Game seed: 16831721252159738826

4 flotson the Sneak (level 1, -1/18 HPs)
             Began as a Demonspawn Delver on Oct 15, 2021.
             Slain by a jackal (3 damage)
             ... on level 2 of the Dungeon.
             The game lasted 00:01:23 (208 turns).

flotson the Sneak (Demonspawn Delver)                Turns: 208, Time: 00:01:24

Health: -1/18      AC:  3    Str: 10 (12) XL:     1   Next: 58%
Magic:  1/1        EV: 11    Int:  9 (11) God:
Gold:   8          SH:  0    Dex: 12 (14) Spells: 0/0 levels left

rFire   . . .      SeeInvis .   a - +0 hand axe
rCold   . . .      Faith    .   (no shield)
rNeg    . . .      Spirit   .   b - +0 leather armour
rPois   .          Reflect  .   (no helmet)
rElec   .          Harm     .   (no cloak)
rCorr   .          Rampage  .   (no gloves)
Will    .....                   (no boots)
Stlth   ++........              (no amulet)
HPRegen 0.06/turn               (no ring)
MPRegen 0.07/turn               (no ring)

@: no status effects
A: no striking features
a: no special abilities


You were on level 2 of the Dungeon.
You visited 1 branch of the dungeon, and saw 4 of its levels.

You collected 8 gold pieces.

Inventory:

Hand Weapons
 a - a +0 hand axe (weapon)
Armour
 b - a +0 leather armour (worn)
Wands
 g - a wand of digging (1)
Scrolls
 c - 2 scrolls of fog
 i - a scroll of enchant armour {unknown}


   Skills:
 + Level 3.1 Fighting
 - Level 1.7 Axes
 + Level 0.3 Armour
 + Level 1.9 Dodging
 - Level 4.5 Stealth


You couldn't memorise any spells.
You didn't know any spells.
Your spell library was empty.

Dungeon Overview and Level Annotations

Branches:
Dungeon (5/15)
 Temple: D:4-7

Altars:
Vehumet


Message History

The jackal bites you.
A ball python comes into view.
You closely miss the jackal. The jackal bites you. x2
The jackal closely misses you.
The ball python hisses angrily.
The ball python bites you but does no damage.
The ball python barely misses you. The jackal bites you.
* * * LOW HITPOINT WARNING * * *
It was a potion of degeneration.
There was something very wrong with that liquid.
You feel weakened.
You feel dopey.
You feel clumsy.
The jackal bites you but does no damage.
The ball python bites you.
* * * LOW HITPOINT WARNING * * *
The ball python grabs you. The ball python constricts you.
The jackal bites you but does no damage.
The jackal barks!
You hit the ball python.
You kill the ball python!
You hit the jackal. You barely miss the jackal.
The jackal barks!
The jackal barely misses you.
The jackal bites you but does no damage. x2
You see here a ball python corpse.
You barely miss the jackal. The jackal bites you.
* * * LOW HITPOINT WARNING * * *
You hit the jackal but do no damage.
The jackal bites you but does no damage.
The jackal misses you.
You hit the jackal.
The jackal is almost dead.
The jackal bites you.
* * * LOW HITPOINT WARNING * * *
You aren't carrying any potions.
As you read the scroll of fear, it crumbles to dust.
You assume a fearsome visage.
The jackal looks frightened! x3
The quokka looks frightened!
Found a lumpy dark potion.
The jackal bites you.
You die...

#.# #.# .# #.# !#
.# #.# .# # .# #.#
.#.# .# #######.#
.#.# .# ........###
..# .#
.......@h.##.#
.######
#########...##
##.......
######.###h#####
#.......†..h.r..#
#.####.###.####.##.
#. #.!.#...#. #.
#...>.....
#.h...#.#...#>
#.#.###.##.##.


You could see a jackal.

Vanquished Creatures
  An orc (D:5)
  A ball python (D:2)
  A bat (D:3)
3 creatures vanquished.

Notes
Turn   | Place    | Note
-------+----------+-------------------------------------------
     0 | D:5      | flotson the Demonspawn Delver began the quest for the Orb.
     0 | D:5      | Reached XP level 1. HP: 18/18 MP: 1/1
    74 | D:5      | Noticed a jelly
   100 | D:3      | Found a radiant altar of Vehumet.
   208 | D:2      | Slain by a jackal

Illustrated notes

Levels and vault maps discovered:
D:2:      layout_loops_ring, minmay_quadrilaterals
D:3:      layout_loops_ring, kennysheep_vampire_church, bloody_trog,
          nicolae_overflow_hidden_temple, vehumet_crystals, serial_shops,
          nicolae_shop_trees, uniq_natasha
D:4:      layout_cave_pools
D:5:      layout_loops_cross, zin_treasury, marbit_many_paths, lemuel_tele_altar

Action                   || total
-------------------------++-------
Melee: Hand axe          ||    10
Evoke: Wand              ||     2
  Use: Scroll            ||     2
       Potion            ||     2
 Stab: Sleeping          ||     1
Armor: Leather armour    ||    10
Dodge: Dodged            ||    13

Table legend: (Time is in decaauts)
 A = Elapsed time spent in this place.
 B = Non-inter-level travel time spent in this place.
 C = Inter-level travel time spent in this place.
 D = Time resting spent in this place.
 E = Time spent auto-exploring this place.
 F = Levels seen in this place.
 G = Mean time per level.
                   A        B        C        D        E       F      G
               +--------+--------+--------+--------+--------+-----+--------+
         Total |    190 |    170 |     20 |      0 |     56 |   4 |   47.5 |
       Dungeon |    190 |    170 |     20 |      0 |     56 |   4 |   47.5 |
               +--------+--------+--------+--------+--------+-----+--------+

Top non-repeatable levels by time:
     D:5: 97 daAuts
     D:3: 60 daAuts
     D:2: 30 daAuts
     D:4: 2 daAuts
